AoeStats
← BottleDry

Arena

506721949Analyzed
4v4 RM · 18d ago on Sep 14, 2026· 47m 13s· 8 players
Game mode
Random Map
Map size
Large (8 player)
Population
200
Speed
Normal
Resources
Standard
Victory
Conquest
Starting age
Dark Age
Ending age
Imperial Age
RankedLock teamsTeams togetherTeam positionsShared explorationLock speedFull tech treeHidden civsTurbo modeCheats
Victory
Defeat
🇦🇷 Bulgarians · Argentina
964
+17
🇦🇷 Tatars · Argentina
939
+18
🇦🇷 Vikings · Argentina
938
+18
🇨🇱 Ethiopians · Chile
917
+19
🇲🇽 Byzantines · Mexico
1023
-20
🇨🇴 Japanese · Colombia
1012
-19
🇺🇸 Goths · United States
962
-17
🇳🇱 Italians · Netherlands
932
-16
Séneca
0:29 Loom
12:19 Feudal Age
16:26 Castle Age
16:28 Double-Bit Axe
16:26 Horse Collar
18:20 Wheelbarrow
19:08 Fletching
28:32 Bow Saw
28:25 Heavy Plow
28:55 Gold Mining
33:44 Gold Shaft Mining
33:03 Stone Mining
36:58 Imperial Age
35:25 Hand Cart
36:30 Scale Barding Armor
36:37 Forging
36:29 Stirrups
37:56 Chain Barding Armor
38:11 Iron Casting
37:40 Cavalier
38:21 Husbandry
39:04 Plate Barding Armor
40:36 Blast Furnace
42:14 Conscription
46:37 Elite Konnik
Chocapic
12:28 Feudal Age
18:00 Castle Age
17:16 Gold Mining
17:13 Double-Bit Axe
21:10 Horse Collar
23:47 Wheelbarrow
28:36 Imperial Age
27:13 Town Watch
29:34 Gold Shaft Mining
29:41 Crossbowman
31:51 Ballistics
32:31 Chemistry
30:57 Arbalester
32:20 Padded Archer Armor
32:11 Fletching
34:24 Thumb Ring
38:30 Leather Archer Armor
38:10 Bodkin Arrow
41:29 Ring Archer Armor
40:59 Bracer
41:57 Elite Skirmisher
45:22 Forging
Niko0
5:01 Loom
10:49 Feudal Age
11:26 Double-Bit Axe
17:21 Castle Age
15:39 Horse Collar
16:04 Man-at-Arms
19:36 Town Watch
20:35 Bow Saw
20:19 Gold Mining
20:19 Stone Mining
22:18 Long Swordsman
22:47 Gambesons
23:56 Heavy Plow
25:03 Forging
24:53 Scale Mail Armor
27:54 Chain Mail Armor
27:38 Arson
30:02 Iron Casting
29:34 Squires
30:28 Town Patrol
38:08 Imperial Age
39:50 Blast Furnace
39:21 Plate Mail Armor
38:16 Two-Handed Swordsman
40:29 Two-Man Saw
39:19 Sappers
39:50 Chieftains
41:05 Gold Shaft Mining
39:58 Champion
41:46 Onager
43:28 Conscription
43:13 Capped Ram
ADORNI
11:02 Loom
13:39 Feudal Age
19:31 Castle Age
17:21 Double-Bit Axe
17:22 Horse Collar
17:34 Gold Mining
18:36 Fletching
18:46 Padded Archer Armor
21:02 Bloodlines
21:34 Bodkin Arrow
22:22 Heavy Plow
22:35 Bow Saw
23:34 Ballistics
32:39 Imperial Age
31:40 Leather Archer Armor
34:43 Scale Barding Armor
34:50 Forging
35:28 Wheelbarrow
35:31 Elite Steppe Lancer
36:36 Chain Barding Armor
39:11 Gold Shaft Mining
39:03 Husbandry
39:42 Plate Barding Armor
39:44 Iron Casting
41:07 Hand Cart
45:44 Blast Furnace
44:40 Town Watch
45:45 Stone Mining
Rey de Copas
10:38 Feudal Age
14:24 Castle Age
12:37 Double-Bit Axe
12:41 Horse Collar
28:34 Imperial Age
26:42 Wheelbarrow
26:34 Fletching
26:47 Padded Archer Armor
27:16 Ballistics
27:31 Bodkin Arrow
28:32 Leather Archer Armor
28:41 Elite Skirmisher
29:27 Bracer
31:14 Chemistry
30:52 Ring Archer Armor
32:04 Thumb Ring
39:23 Scale Barding Armor
39:28 Forging
40:43 Chain Barding Armor
39:44 Elite Cataphract
40:45 Conscription
40:44 Logistica
41:41 Iron Casting
43:25 Plate Barding Armor
BottleDry
4:30 Loom
12:07 Feudal Age
16:08 Castle Age
14:35 Gold Mining
14:34 Double-Bit Axe
15:04 Stone Mining
15:57 Horse Collar
17:27 Heavy Plow
20:58 Wheelbarrow
El Gran Pavka
10:44 Feudal Age
12:02 Loom
15:08 Castle Age
13:26 Double-Bit Axe
13:31 Horse Collar
17:04 Bow Saw
23:12 Scale Mail Armor
23:35 Pikeman
24:15 Squires
24:44 Arson
28:10 Gambesons
28:41 Chain Mail Armor
28:37 Forging
28:56 Town Watch
29:50 Wheelbarrow
29:21 Heavy Plow
31:10 Iron Casting
32:30 Hand Cart
32:01 Town Watch
32:10 Fletching
36:11 Imperial Age
34:08 Husbandry
34:18 Bloodlines
34:17 Scale Barding Armor
34:38 Elite Skirmisher
35:29 Thumb Ring
35:27 Padded Archer Armor
35:22 Bodkin Arrow
36:24 Cavalier
39:53 Leather Archer Armor
39:46 Bracer
41:33 Ballistics
42:18 Chemistry
41:55 Conscription
42:01 Chain Barding Armor
43:16 Yasama
43:42 Capped Ram
45:28 Plate Mail Armor
45:59 Blast Furnace
45:29 Ring Archer Armor
46:08 Two-Man Saw
fleurdelys
6:45 Loom
12:43 Feudal Age
15:00 Wheelbarrow
14:15 Double-Bit Axe
18:05 Castle Age
16:02 Horse Collar
23:23 Elite Skirmisher
26:51 Town Watch
27:01 Fletching
27:17 Scale Barding Armor
27:39 Thumb Ring
30:37 Imperial Age
28:38 Heavy Plow
29:24 Gold Mining
30:00 Bodkin Arrow
32:29 Chemistry
31:41 Masonry
42:31 Murder Holes
47:21 Stone Mining
Connection lost

Rejoining the realm…

Still unreachable

The connection could not be restored.

Session expired

The server has moved on; the page needs a fresh start.